AoeStats
← Carple

Black Forest

504840596Analyzed
4v4 RM · 26d ago on Sep 6, 2026· 52m 8s· 8 players
Game mode
Random Map
Map size
Large (8 player)
Population
200
Speed
Normal
Resources
Standard
Victory
Conquest
Starting age
Dark Age
Ending age
Imperial Age
RankedLock teamsTeams togetherTeam positionsShared explorationLock speedFull tech treeHidden civsTurbo modeCheats
Victory
Defeat
🇺🇸 Portuguese · United States
1054
+13
🇳🇱 Teutons · Netherlands
1041
+13
🇳🇴 Cumans · Norway
1040
+14
🇮🇪 Ethiopians · Ireland
910
+18
🇹🇷 Mongols · Türkiye
1019
-16
🇨🇳 Goths · China
991
-15
🇨🇦 Teutons · Canada
975
-14
🇹🇷 Jurchens · Türkiye
950
-13
Carple
0:50 Loom
13:45 Feudal Age
14:24 Double-Bit Axe
14:46 Horse Collar
20:40 Castle Age
19:59 Stone Mining
19:59 Gold Mining
20:36 Fletching
20:58 Forging
20:54 Scale Barding Armor
21:20 Bodkin Arrow
23:07 Wheelbarrow
22:18 Town Watch
23:12 Bow Saw
23:06 Heavy Plow
23:55 Forging
26:44 Man-at-Arms
27:10 Gambesons
29:38 Squires
31:35 Long Swordsman
34:24 Scale Mail Armor
34:16 Arson
36:31 Iron Casting
36:18 Chain Mail Armor
42:17 Imperial Age
40:49 Bloodlines
42:41 Hand Cart
43:51 Conscription
42:54 Two-Handed Swordsman
45:01 Champion
47:23 Blast Furnace
47:36 Plate Mail Armor
49:02 Cavalier
妍芸
11:13 Feudal Age
12:03 Horse Collar
12:10 Double-Bit Axe
18:47 Castle Age
20:05 Bow Saw
21:26 Wheelbarrow
21:03 Fishing Lines
24:51 Hand Cart
29:53 Gillnets
30:46 Squires
30:07 Man-at-Arms
30:56 Scale Barding Armor
31:01 Forging
30:55 Scale Mail Armor
34:31 Imperial Age
32:04 Anarchy
32:40 Chain Mail Armor
33:01 Iron Casting
33:54 Loom
35:16 Perfusion
35:37 Conscription
36:24 Blast Furnace
37:10 Elite Huskarl
38:18 Heavy Plow
39:26 Gold Mining
40:38 Two-Man Saw
PatriotTURK
2:15 Loom
10:57 Feudal Age
11:34 Horse Collar
11:42 Double-Bit Axe
20:03 Castle Age
19:50 Gold Mining
19:51 Stone Mining
21:51 Wheelbarrow
22:03 Bow Saw
21:57 Heavy Plow
25:06 Treadmill Crane
29:35 Imperial Age
27:53 Caravan
28:50 Ballistics
29:23 Hand Cart
28:54 Town Watch
29:14 Fletching
29:25 Padded Archer Armor
29:27 Scale Mail Armor
29:38 Forging
30:07 Gold Shaft Mining
30:33 Stone Shaft Mining
32:10 Two-Man Saw
34:47 Town Patrol
36:16 Thunderclap Bombs
36:40 Conscription
38:00 Elite Steppe Lancer
38:52 Husbandry
39:03 Bloodlines
39:15 Leather Archer Armor
38:55 Bodkin Arrow
39:07 Scale Barding Armor
40:04 Crop Rotation
41:44 Chemistry
41:00 Bracer
44:51 Chain Barding Armor
44:47 Chain Mail Armor
45:02 Ring Archer Armor
45:08 Iron Casting
49:08 Elite Iron Pagoda
bluesea
1:09 Loom
11:32 Feudal Age
12:00 Double-Bit Axe
17:06 Castle Age
14:54 Fishing Lines
18:19 Bow Saw
19:13 Gold Mining
20:06 Wheelbarrow
22:10 Gillnets
23:47 Stone Mining
30:40 Imperial Age
29:43 Hand Cart
30:18 Gold Shaft Mining
30:19 Stone Shaft Mining
30:01 Masonry
32:59 Drill
33:00 Conscription
32:59 Caravan
33:14 Horse Collar
33:14 Onager
33:26 Capped Ram
34:27 Siege Ram
36:59 Heavy Plow
37:06 Siege Engineers
36:27 Siege Onager
38:38 Elite Mangudai
43:15 Chemistry
42:35 Ballistics
43:15 Heavy Scorpion
48:11 Light Cavalry
49:01 Bloodlines
48:55 Husbandry
49:03 Scale Barding Armor
50:03 Hussar
Midgetmarine
12:14 Feudal Age
11:01 Loom
16:09 Castle Age
14:03 Double-Bit Axe
14:25 Horse Collar
18:56 Bow Saw
19:22 Heavy Plow
19:43 Gold Mining
22:40 Town Watch
23:32 Wheelbarrow
23:59 Stone Mining
27:21 Scale Barding Armor
27:18 Scale Mail Armor
27:29 Forging
28:35 Man-at-Arms
29:02 Gambesons
29:07 Arson
30:00 Iron Casting
29:41 Chain Mail Armor
33:04 Imperial Age
31:48 Redemption
31:54 Fervor
31:53 Circumnavigation
31:18 Long Swordsman
35:09 Chemistry
33:51 Two-Handed Swordsman
35:31 Plate Mail Armor
35:54 Champion
41:16 Siege Engineers
42:58 Block Printing
43:20 Theocracy
43:08 Sanctity
43:58 Arquebus
44:24 Elite Organ Gun
45:27 Conscription
44:30 Pikeman
45:31 Halberdier
q721372930
6:22 Loom
12:57 Feudal Age
17:21 Castle Age
15:11 Double-Bit Axe
15:10 Horse Collar
15:27 Stone Mining
18:44 Bow Saw
22:06 Heavy Plow
25:45 Wheelbarrow
25:27 Gold Mining
26:39 Caravan
29:29 Gold Shaft Mining
33:54 Imperial Age
31:35 Fletching
31:45 Padded Archer Armor
31:56 Forging
32:51 Squires
32:37 Arson
35:42 Chemistry
34:52 Siege Engineers
36:03 Two-Man Saw
36:13 Conscription
36:22 Torsion Engines
37:07 Hand Cart
36:47 Heavy Scorpion
41:54 Halberdier
43:49 Iron Casting
43:17 Scale Mail Armor
Diego :)
0:55 Loom
12:37 Feudal Age
17:53 Castle Age
19:17 Capped Ram
23:30 Double-Bit Axe
25:04 Forging
24:46 Pikeman
27:14 Arson
27:35 Squires
28:42 Iron Casting
taisho84
14:14 Feudal Age
14:51 Double-Bit Axe
19:51 Castle Age
18:55 Stone Mining
22:01 Loom
23:24 Horse Collar
24:58 Bow Saw
25:38 Heavy Plow
33:30 Imperial Age
31:13 Masonry
32:35 Fortified Wall
32:17 Fletching
32:27 Scale Mail Armor
34:28 Wheelbarrow
34:16 Ballistics
35:49 Two-Man Saw
35:19 Crop Rotation
35:11 Gold Mining
36:26 Chemistry
35:24 Bodkin Arrow
35:41 Forging
36:20 Siege Engineers
38:14 Crenellations
38:11 Pikeman
39:16 Squires
39:04 Halberdier
40:23 Conscription
42:25 Hoardings
42:37 Iron Casting
42:18 Chain Mail Armor
42:04 Padded Archer Armor
42:00 Elite Skirmisher
42:25 Fishing Lines
43:09 Caravan
43:15 Elite Teutonic Knight
44:58 Stone Shaft Mining
46:28 Arson
48:15 Elite Skirmisher
Connection lost

Rejoining the realm…

Still unreachable

The connection could not be restored.

Session expired

The server has moved on; the page needs a fresh start.